 Dungeon Crawl Stone Soup version 0.18.1-50-g88ac8fd (webtiles) character file.

704 fkyuman the Vandal (level 7, -3/60 HPs)
             Began as a Deep Dwarf Venom Mage on Sept 26, 2016.
             Was a Believer of Elyvilon.
             Slain by an orc
             ... wielding a +0 hand axe
              (5 damage)
             ... on level 5 of the Dungeon on Sept 27, 2016.
             The game lasted 00:59:15 (4951 turns).

fkyuman the Vandal (Deep Dwarf Venom Mage)          Turns: 4951, Time: 00:59:16

Health: -3/60      AC:  3    Str: 15    XL:     7   Next: 39%
Magic:  7/7        EV: 14    Int: 16    God:    Elyvilon [**....]
Gold:   153        SH:  0    Dex: 14    Spells: 1 memorised, 8 levels left

rFire  + + .     SeeInvis .     q - +3 dagger (holy)
rCold  . . .     Gourm    .     a - +1 robe
rNeg   . . .     Faith    .     (no shield)
rPois  .         Spirit   .     (no helmet)
rElec  .         Dismiss  .     (no cloak)
rCorr  .         Reflect  .     (no gloves)
SustAt .         Harm     .     (no boots)
MR     ++...                    (no amulet)
Stlth  ++........               p - +3 ring of strength
                                l - ring of protection from fire

@: non-regenerating, very resistant to hostile enchantments, unstealthy
A: damage resistance, recharge devices, fire resistance 1, low mp 1, magic
resistance 1, sense surroundings 1, slow regeneration 3
a: Device Recharging, Lesser Healing, Heal Other, Divine Protection, Renounce
Religion


You were on level 5 of the Dungeon.
You worshipped Elyvilon.
Elyvilon was pleased with you.
You were hungry.

You visited 1 branch of the dungeon, and saw 5 of its levels.

You collected 153 gold pieces.

Inventory:

Hand Weapons
 f - a +2 hunting sling of velocity
 q - a +3 dagger of holy wrath (weapon)
 s - a cursed -3 flail
Missiles
 e - 112 stones (quivered)
 j - 10 tomahawks
 r - 28 poisoned needles
 u - a throwing net
 z - 6 silver javelins
Armour
 a - a +1 robe (worn)
Jewellery
 l - a ring of protection from fire (left hand)
 p - a +3 ring of strength (right hand)
Wands
 c - a wand of heal wounds (0/9)
 h - a wand of polymorph (3/24)
 k - a wand of heal wounds (0/9)
Scrolls
 i - a scroll of teleportation
 w - 2 scrolls of remove curse
Potions
 n - 2 potions of flight
 o - 3 potions of mutation
 A - a potion of might {unknown}
Books
 b - a Young Poisoner's Handbook

   Spells                             Type                      Level
   a - Sting                          Conjuration/Poison           1
   b - Cure Poison                    Poison                       2
   c - Mephitic Cloud                 Conjuration/Poison/Air       3
   d - Olgreb's Toxic Radiance        Poison                       4
   e - Venom Bolt                     Conjuration/Poison           5
Comestibles
 d - 4 bread rations
 g - a royal jelly
 m - 5 fruits
 t - a slice of pizza


   Skills:
 + Level 2.0 Fighting
 + Level 0.8 Short Blades
 + Level 0.2 Maces & Flails
 + Level 5.4 Slings
 + Level 5.1 Dodging
 + Level 3.3 Stealth
 + Level 1.9 Spellcasting
 + Level 1.0 Conjurations
 + Level 3.6 Poison Magic
 + Level 1.5 Evocations


You had 8 spell levels left.
You knew the following spells:

 Your Spells              Type           Power        Failure   Level  Hunger
a - Sting                 Conj/Pois      #...         10%         1    #......


Dungeon Overview and Level Annotations

Branches:
Dungeon (5/15)
 Temple: D:4-7

Altars:
Elyvilon
Gozag
Kikubaaqudgha
Makhleb
Ru
Xom
Yredelemnul


Innate Abilities, Weirdness & Mutations

You are resistant to damage.
You can recharge devices by infusing magical energy.
You passively map a small area around you.
You do not regenerate naturally.
Your flesh is heat resistant.
Your magical capacity is low (-10% MP).
You are resistant to hostile enchantments.


Message History

The orc closely misses you.
The sky beast flickers out of sight!
Deactivating autopickup; reactivate with Ctrl-A.
The orc wizard misses you. The orc hits you with a hand axe.
* * * LOW HITPOINT WARNING * * *
You barely miss the orc wizard. The orc wizard misses you. The orc hits you.
* * * LOW HITPOINT WARNING * * *
You hit the orc wizard.
The orc wizard is moderately wounded.
The orc wizard hits you but does no damage.
The orc misses you. The orc hits you. The orc wizard barely misses you.
You barely miss the orc wizard.
The orc wizard is moderately wounded.
The orc barely misses you. The orc wizard hits you with a dagger.
* * * LOW HITPOINT WARNING * * *
The orc barely misses you.
You hit the orc wizard but do no damage.
The orc wizard is moderately wounded.
The orc wizard mumbles some strange words.
The orc wizard blinks!
The orc hits you with a hand axe!
You die...

##### * * , , , ,
Z..#..Z..#.....# , ,*,
#..#..#..#..#o?# *,
#..#F.#..#..#.(#
,,#.a...#.....#.(# , ,
#5....#...o.*..#
###################..#
...............ยง@o{..#
..........o......o...#
###################..#
..Z.5#....5#.....#..#
......#.....#.....#..#
+###.o#..#..#..#..#o.#
, #.Z#..#..#..#..#..#
,,#.....#.....#.....#
#.... #.... #.....#


You could see an orc wizard and 2 orcs.

Vanquished Creatures
  A necrophage (D:5)
  A howler monkey (D:5)
  2 crimson imps (D:5)
  A giant frog skeleton (D:4)
  2 orc priests (D:3)
  A hound (D:4)
  A centaur skeleton (D:4)
  2 iguanas (D:4)
  4 orc wizards
  4 gnolls (D:3)
  5 adders
  2 worms
  5 dart slugs
  6 giant geckos
  20 orcs
  2 ball pythons (D:2)
  7 bats
  3 bat skeletons (D:4)
  3 bat zombies (D:4)
  2 giant cockroaches
  5 goblins
  4 hobgoblins
  3 jackals (D:3)
  A quokka (D:5)
  A giant gecko skeleton (D:5)
  2 giant newts (D:1)
  10 kobolds
  A quokka skeleton (D:5)
  A quokka zombie (D:5)
  9 rats
111 creatures vanquished.

Notes
Turn   | Place    | Note
--------------------------------------------------------------
     0 | D:1      | fkyuman the Deep Dwarf Venom Mage began the quest for the Orb.
     0 | D:1      | Reached XP level 1. HP: 15/15 MP: 3/3
   394 | D:1      | Reached XP level 2. HP: 19/22 MP: 0/4
  1346 | D:2      | Reached XP level 3. HP: 20/30 MP: 5/5
  1500 | D:2      | Gained mutation: You are resistant to hostile enchantments. [potion of mutation]
  1500 | D:2      | Gained mutation: Your flesh is heat resistant. [potion of mutation]
  1500 | D:2      | Gained mutation: Your magical capacity is low (-10% MP). [potion of mutation]
  1589 | D:2      | Reached skill level 1 in Slings
  1858 | D:2      | Reached skill level 1 in Conjurations
  1914 | D:2      | Reached XP level 4. HP: 37/37 MP: 6/6
  1995 | D:2      | You fall through a shaft!
  2259 | D:3      | Reached XP level 5. HP: 43/43 MP: 7/7
  2303 | D:3      | Reached skill level 1 in Fighting
  2647 | D:3      | Found an opulent altar of Gozag.
  2889 | D:3      | Reached XP level 6. HP: 19/51 MP: 7/7
  2947 | D:3      | Found a white marble altar of Elyvilon.
  2947 | D:3      | Found a burning altar of Makhleb.
  2958 | D:3      | Became a worshipper of Elyvilon the Healer
  3404 | D:4      | Found an ancient bone altar of Kikubaaqudgha.
  3479 | D:4      | Reached * piety under Elyvilon
  3565 | D:4      | Reached skill level 1 in Evocations
  4040 | D:5      | Entered Level 5 of the Dungeon
  4048 | D:5      | Reached XP level 7. HP: 56/56 MP: 7/7
  4251 | D:5      | Found a sacrificial altar of Ru.
  4319 | D:5      | Reached skill level 5 in Slings
  4558 | D:5      | Found a shimmering altar of Xom.
  4620 | D:5      | Found a basalt altar of Yredelemnul.
  4664 | D:5      | Reached skill level 5 in Dodging
  4896 | D:5      | Reached ** piety under Elyvilon
  4943 | D:5      | HP: 3/60 [orc/hand axe (2)]
  4950 | D:5      | HP: 2/60 [orc wizard/dagger (3)]
  4951 | D:5      | Slain by an orc

Skill      XL: |  1  2  3  4  5  6  7 |
---------------+----------------------+-----
Slings         | 1 3 4 5 |  5.4
Conjurations   | 1 |  1.0
Stealth        | 3 |  3.3
Dodging        | 3 4 5 |  5.1
Fighting       | 1 2 |  2.0
Evocations     | 1 |  1.5
Short Blades   | |  0.8
Maces & Flails | |  0.2
Spellcasting   | |  1.9
Poison Magic   | |  3.6

Action                   |  1- 3 |  4- 6 |  7- 9 || total
-------------------------+-------+-------+-------++-------
Melee: Unarmed           |    32 |       |       ||    32
       Club              |    21 |       |       ||    21
       Dagger            |       |   159 |    99 ||   258
       Hunting sling     |       |     1 |       ||     1
 Fire: Hunting sling     |    66 |   142 |    20 ||   228
 Cast: Sting             |    17 |       |       ||    17
Invok: Lesser Healing    |       |     4 |     6 ||    10
 Abil: Device Recharging |       |     1 |       ||     1
Evoke: Wand              |     2 |     7 |     1 ||    10
  Use: Scroll            |     2 |     4 |     2 ||     8
       Potion            |     3 |     1 |     3 ||     7
 Stab: Sleeping          |       |       |     1 ||     1
  Eat: Chunk             |     3 |     8 |     3 ||    14
Armor: Robe              |    14 |    26 |    18 ||    58
Dodge: Dodged            |    64 |   149 |    74 ||   287
